Unix NetHack Version 3.7.0-83 Work-in-progress - last build Apr 28 2023 22:06:38 (2625824c38750939014cf799bb7ff71c9e9c2d48,branch:master). Game began 2023-05-02 13:17:23, ended 2023-05-02 21:32:39. MaestroSpook, lawful female human Monk ### # #)#%###########1'@M##1## # --------.-- ### |.........| # |.........| ##..).......| ----------- MaestroSpook the Initiate St:17 Dx:14 Co:12 In:12 Wi:13 Ch:11 Lawful Dlvl:7 $:102 HP:0(56) Pw:51(53) AC:6 Xp:8/1436 T:4910 Latest messages: The black naga hatchling bites! You hit the black naga hatchling! The wood nymph charms you. You gladly start removing your shoes. The wood nymph stole 2 uncursed potions of healing. The black naga hatchling bites! The wood nymph stole a cursed effervescent potion. The black naga hatchling bites! You can move again. The wood nymph steals an uncursed +0 pair of iron shoes! The wood nymph vanishes! You kill the black naga hatchling! You see here a black naga hatchling corpse. You see here a black naga hatchling corpse. You see here 3 darts. You hit the giant beetle! The giant beetle bites! You hit the giant beetle! You hit the giant beetle! The giant beetle bites! You see here a black naga hatchling corpse. What do you want to zap? [nP or ?*] Never mind. You fail to cast the spell correctly. You fail to cast the spell correctly. The wood nymph picks up 2 violet gems. You fail to cast the spell correctly. You hit the wood nymph! The wood nymph stole an uncursed scroll labeled ZELGO MER. The wood nymph vanishes! You hit the gnome mummy! The gnome mummy hits! What do you want to wear? [*] Which ring-finger, Right or Left? [rl] e - an uncursed twisted ring (on right hand). The giant beetle bites! # Are you sure you want to pray? [yn] (n) You begin praying to Shan Lai Ching. You are surrounded by a shimmering light. The gnome mummy starts to attack you, but pulls back. You finish your prayer. You feel that Shan Lai Ching is well-pleased. What do you want to write with? [- eknPV or ?*] You write in the dust with your fingertip. The gold golem hits! The gold golem hits again! You hit the gold golem! The gnome mummy hits! The gold golem hits! You die... Inventory: Coins ('$') $ - 102 gold pieces Armor ('[') F - an uncursed +0 orcish helm (being worn) a - an uncursed +2 pair of leather gloves (being worn) Comestibles ('%') K - an uncursed banana g - 2 uncursed food rations C - an uncursed partly eaten food ration Scrolls ('?') E - an uncursed scroll of charging t - an uncursed scroll of confuse monster A - a blessed scroll of identify m - an uncursed scroll of identify M - a cursed scroll of identify d - 2 uncursed scrolls of teleportation x - an uncursed scroll of teleportation Potions ('!') T - 3 blessed potions of booze h - 3 uncursed potions of booze B - a cursed potion of confusion o - an uncursed potion of extra healing U - a cursed potion of extra healing z - an uncursed potion of gain energy l - 2 uncursed potions of object detection Z - an uncursed potion of oil D - an uncursed potion of see invisible Rings ('=') e - an uncursed ring of fire resistance (on right hand) Wands ('/') P - an uncursed wand of make invisible (0:2) n - an uncursed wand of secret door detection (0:14) Tools ('(') I - an uncursed blindfold k - an uncursed magic marker (0:47) v - an uncursed magic whistle y - an uncursed skeleton key Gems/Stones ('*') V - an uncursed luckstone MaestroSpook the Monk's attributes: Background: You were an Initiate, a level 8 female human Monk. You were lawful, on a mission for Shan Lai Ching who was opposed by Chih Sung-tzu (neutral) and Huan Ti (chaotic). You were in the Dungeons of Doom, on level 7. You entered the dungeon 4910 turns ago. You had 1436 experience points, 1124 more were needed to attain level 9. Basics: You had 0 out of 56 hit points. You had 51 out of 53 energy points (spell power). Your armor class was 6. Your wallet contained 102 zorkmids. Autopickup was on for '$%?!"=/*', with exceptions. Final Characteristics: Your strength was 17 (limit:18/100). Your dexterity was 14 (limit:18). Your constitution was 12 (limit:18). Your intelligence was 12 (limit:18). Your wisdom was 13 (limit:18). Your charisma was 11 (limit:18). Final Status: You were not hungry. You were unencumbered. You were empty handed. You were skilled in martial arts. Final Attributes: You were piously aligned. You were fire resistant. Your items were protected from fire. You were sleep resistant. You were poison resistant. You saw invisible. You were warned. You were stealthy. You were fast. You were lucky. You had extra luck. Bad luck did not time out for you. Good luck did not time out for you. You are dead. Miscellaneous: You disabled loading of bones levels. Total elapsed playing time was 58 minutes and 1 second. Major events: Turn 1: MaestroSpook the lawful female human Monk entered the dungeon 403: entered the Gnomish Mines 868: attained the rank of Novice (level 3) 1416: reached Mine Town 1512: attained the rank of Initiate (level 6) 3906: acquired the Mines' End luckstone 4910: killed by a gold golem Vanquished creatures: an aligned cleric 3 small mimics a warhorse a wraith a watchman a giant beetle a giant spider a gnome ruler 2 owlbears a dingo a jaguar a bugbear a quasit a wood nymph a mountain nymph a rock mole a pony a shrieker a violet fungus 19 gnome leaders 2 gnomish wizards a kobold mummy a black naga hatchling a ghoul a straw golem 10 dwarves a homunculus 4 rothes a centipede a werejackal 2 iguanas an acid blob 2 coyotes 2 hobbits 6 manes a hobgoblin a giant rat a yellow mold a green mold a red mold 58 gnomes 3 garter snakes 5 jackals 2 goblins a grid bug 2 lichens 4 newts 157 creatures vanquished. No species were genocided or became extinct. Voluntary challenges: You read items or engraved 5 times. You never engraved Elbereth. You never genocided any monsters. You never polymorphed an object. You never changed form. You used no wishes. Achievements: You entered the Gnomish Mines. You attained the rank of Novice. You entered Minetown. You entered a shop. You attained the rank of Initiate. You entered a temple. You completed the Gnomish Mines. The Dungeons of Doom: levels 1 to 7 Level 1: Level 2: Level 3: Stairs down to The Gnomish Mines. Level 4: A sink. Level 5: A fountain. Level 7: <- You were here. Final resting place for you, killed by a gold golem. The Gnomish Mines: levels 4 to 11 Level 4: Level 5: Level 6: Many shops, a temple, many fountains. Level 7: Level 8: Level 9: Level 10: Level 11: A fountain. Game over: ---------- / \ / REST \ / IN \ / PEACE \ / \ | MaestroSpook | | 102 Au | | killed by a gold | | golem | | | | | | 2023 | *| * * * | * _________)/\\_//(\/(/\)/\//\/|_)_______ Goodbye MaestroSpook the Monk... You died in The Dungeons of Doom on dungeon level 7 with 5984 points, and 102 pieces of gold, after 4910 moves. You were level 8 with a maximum of 56 hit points when you died.